 Dungeon Crawl Stone Soup version 0.29-a0-219-g0a02b1cf4f (webtiles) character file.

Game seed: 4069509689412794015

39 Sweetruy1997 the Skirmisher (level 3, 0/33 HPs)
             Began as a Hill Orc Fighter on Feb 25, 2022.
             Slain by Sigmund
             ... wielding a +0 scythe
              (9 damage)
             ... on level 2 of the Dungeon on Feb 26, 2022.
             The game lasted 00:03:29 (1211 turns).

Sweetruy1997 the Skirmisher (Hill Orc Fighter)      Turns: 1211, Time: 00:03:30

Health: 0/33       AC:  7    Str: 24    XL:     3   Next: 47%
Magic:  3/3        EV:  9    Int:  8    God:
Gold:   31         SH: 12    Dex: 12    Spells: 2/2 levels left

rFire   . . .      SeeInvis .   a - +0 war axe
rCold   . . .      Faith    .   c - +3 buckler
rNeg    . . .      Spirit   .   b - +0 scale mail
rPois   .          Reflect  +   (no helmet)
rElec   .          Harm     .   (no cloak)
rCorr   .          Rampage  .   (no gloves)
Will    .....                   (no boots)
Stlth   ..........              i - amulet of reflection
HPRegen 0.11/turn               f - +6 ring of strength
MPRegen 0.08/turn               (no ring)

@: hasted, very quick
A: no striking features
a: no special abilities


You were on level 2 of the Dungeon.
You visited 1 branch of the dungeon, and saw 2 of its levels.

You collected 31 gold pieces.

Inventory:

Hand Weapons
 a - a +0 war axe (weapon)
Armour
 b - a +0 scale mail (worn)
 c - a +3 buckler (worn)
Jewellery
 f - a +6 ring of strength (left hand)
 i - an amulet of reflection (around neck)
Scrolls
 e - a scroll of blinking
 g - a scroll of fear
Potions
 d - a potion of might


   Skills:
 + Level 4.1 Fighting
 + Level 3.6 Axes
 + Level 3.7 Armour
 + Level 3.6 Shields


You had 2 spell levels left.
You didn't know any spells.
Your spell library was empty.

Dungeon Overview and Level Annotations

Branches:
Dungeon (2/15)

Altars:
Dithmenos
Beogh

Shops:
D:1 [

Annotations:
D:2 Sigmund


Message History

Some rock shatters into small pieces.
You barely miss the giant cockroach. You block the giant cockroach's attack.
You hear a zap.
Some rock shatters into small pieces.
You hit the giant cockroach but do no damage.
You block the giant cockroach's attack.
You slash the giant cockroach!
You kill the giant cockroach!
You hit the giant cockroach. You block the giant cockroach's attack.
A magic dart appears from out of thin air!
The magic dart hits you but does no damage.
The giant cockroach bites you but does no damage.
You hear some strange, mumbled words.
Something tries to affect you, but you resist.
You block the giant cockroach's attack.
You see here a giant cockroach corpse.
The giant cockroach bites you but does no damage.
A kobold comes into view. It is wielding a +0 club.
The kobold shouts!
Sigmund appears from thin air!
Reactivating autopickup.
You block the giant cockroach's attack.
You completely miss the giant cockroach.
The giant cockroach is moderately wounded.
The giant cockroach barely misses you.
Sigmund gestures wildly while chanting.
Sigmund flickers and vanishes!
Deactivating autopickup; reactivate with Ctrl-A.
You completely miss the giant cockroach.
The giant cockroach is moderately wounded.
You block the giant cockroach's attack. Something hits you but does no damage.
You block the giant cockroach's attack.
You slash the giant cockroach!
You kill the giant cockroach!
Something hits you.
* * * LOW HITPOINT WARNING * * *
You feel yourself speed up. The kobold barely misses you.
An endoplasm comes into view.
Something hits you!
You die...

.#.#......#...##.#
#.# .#.####.#..#
#.# #.# .#.#
#....###.. #..
...# ##)#......
..# ... #.##.....
#.. .. #.##.#### #
#.# .###.###.##.#
#.
#J###K........##.#
#. #.{.@.# .###.#
#. #.##### ... ..#
#.#†# .... ..#
#..# ##... ##.#
... #..####.#
#.....<.#
#.#...$.#
#.#..#..##


You could see an endoplasm (wandering) and a kobold.

Vanquished Creatures
  2 dart slugs
  A worm (D:2)
  6 endoplasms
  4 giant cockroaches
  A goblin (D:1)
  4 hobgoblins (D:1)
  2 ball pythons
  2 bats
  2 frilled lizards
  5 kobolds (D:2)
  3 rats
32 creatures vanquished.

Notes
Turn   | Place    | Note
-------+----------+-------------------------------------------
     0 | D:1      | Sweetruy1997 the Hill Orc Fighter began the quest for the
                  | Orb.
     0 | D:1      | Reached XP level 1. HP: 19/19 MP: 1/1
    19 | D:1      | Found Xylaudiff's Armour Emporium.
   243 | D:1      | Reached XP level 2. HP: 25/27 MP: 2/2
   340 | D:1      | Found a roughly hewn altar of Beogh.
   424 | D:1      | Found a faded altar of an unknown god.
   898 | D:1      | Prayed at the altar of an unknown god.
   898 | D:1      | Became a worshipper of Dithmenos the Shadowed
   898 | D:1      | Reached * piety under Dithmenos
   899 | D:1      | Fell from the grace of Dithmenos
   943 | D:2      | Reached skill level 4 in Fighting
   943 | D:2      | Reached XP level 3. HP: 33/33 MP: 3/3
  1167 | D:2      | Identified the ring of the Secret Teeth {Ice Will- Int+7}
  1167 | D:2      | Noticed Sigmund
  1211 | D:2      | Slain by Sigmund

Illustrated notes

Levels and vault maps discovered:
D:1:      dpeg_arrival_pits, layout_loops_ring,
          hellmonk_ecumenical_altar_defaced_shrine, serial_shops,
          nicolae_shop_crystal
D:2:      layout_loops_ring, minmay_fractal_squares_gapless_5, uniq_sigmund,
          uniq_natasha

Skill      XL: |  1  2 |
---------------+-------+-----
Axes           | 3 |  3.6
Fighting       | 4 |  4.1
Armour         | |  3.7
Shields        | |  3.6

Action                   || total
-------------------------++-------
Melee: War axe           ||    65
Invok: Renounce Religion ||     1
  Use: Scroll            ||     6
       Potion            ||     4
Armor: Scale mail        ||    28
Dodge: Dodged            ||    28
Block: Buckler           ||    23
       Reflection        ||     1

Table legend: (Time is in decaauts)
 A = Elapsed time spent in this place.
 B = Non-inter-level travel time spent in this place.
 C = Inter-level travel time spent in this place.
 D = Time resting spent in this place.
 E = Time spent auto-exploring this place.
 F = Levels seen in this place.
 G = Mean time per level.
                   A        B        C        D        E       F      G
               +--------+--------+--------+--------+--------+-----+--------+
         Total |   1235 |   1179 |     56 |     41 |    894 |   2 |  617.5 |
       Dungeon |   1235 |   1179 |     56 |     41 |    894 |   2 |  617.5 |
               +--------+--------+--------+--------+--------+-----+--------+

Top non-repeatable levels by time:
     D:1: 926 daAuts
     D:2: 308 daAuts
